 Dungeon Crawl Stone Soup version 0.28-a0-1613-gdaab1c2f9b (webtiles) character file.

Game seed: 10366145647291949385

488 issech the Cudgeller (level 6, -6/61 HPs)
             Began as a Troll Fighter on Jan 21, 2022.
             Mangled by an orc warrior (19 damage)
             ... on level 4 of the Dungeon.
             The game lasted 00:14:28 (3006 turns).

issech the Cudgeller (Troll Fighter)                Turns: 3006, Time: 00:14:28

Health: -6/61      AC:  8    Str: 31    XL:     6   Next: 90%
Magic:  5/5        EV:  9    Int:  4    God:
Gold:   10         SH:  9    Dex: 13    Spells: 5/5 levels left

rFire   . . .      SeeInvis .   a - +0 flail (vamp)
rCold   . . .      Faith    .   c - +1 kite shield
rNeg    . . .      Spirit   .   b - +0 robe
rPois   .          Reflect  .   (helmet restricted)
rElec   .          Harm     .   (no cloak)
rCorr   .          Rampage  .   (gloves unavailable)
Will    .....                   (boots unavailable)
Stlth   +.........              (no amulet)
HPRegen 1.00/turn               k - +6 ring of strength
MPRegen 0.09/turn               l - +4 ring of protection

@: mighty
A: large, unfitting armour, claws 3, regeneration 1, shaggy fur 1, tough skin 1,
agile 1, mutation resistance 1
a: no special abilities


You were on level 4 of the Dungeon.
You visited 1 branch of the dungeon, and saw 4 of its levels.

You collected 140 gold pieces.
You spent 130 gold pieces at shops.

Inventory:

Hand Weapons
 a - a +0 vampiric flail (weapon)
 f - a +2 short sword of venom
 o - a +0 whip of holy wrath
 p - a +4 dagger
 s - a +1 dagger of flaming
Missiles
 g - 152 stones (quivered)
 h - 14 arrows
 n - 3 poisoned darts
Armour
 b - a +0 robe (worn)
 c - a +1 kite shield (worn)
 j - a +2 pair of gloves of infusion
Jewellery
 k - a +6 ring of strength (left claw)
 l - a +4 ring of protection (right claw)
 m - a ring of protection from fire
Scrolls
 i - a scroll of enchant weapon {unknown}
 r - 2 scrolls of holy word
Potions
 d - a potion of might
 e - 2 potions of curing
 q - a potion of attraction
 t - a potion of cancellation {unknown}


   Skills:
 + Level 3.4 Fighting
 + Level 4.2 Maces & Flails
 + Level 3.6 Dodging
 + Level 0.3 Stealth
 + Level 3.8 Shields


You had 5 spell levels left.
You didn't know any spells.
Your spell library contained the following spells:

 Spells                   Type           Power      Damage    Failure   Level
 Sandblast                Erth           0%         2d4       80%         1
 Passwall                 Tmut/Erth      0%         N/A       90%         2
 Stone Arrow              Conj/Erth      0%         3d7       99%         3


Dungeon Overview and Level Annotations

Branches:
Dungeon (4/15)
 Temple: D:4-7

Altars:

Shops:
D:4 *


Innate Abilities, Weirdness & Mutations

You are too large for most types of armour.
You have claws for hands.
Your natural rate of healing is unusually fast.
You are covered in fur. (AC +1)
You have tough skin. (AC +1)
You are agile. (Dex +2)
You are somewhat resistant to further mutation.


Message History

You block the orc warrior's attack.
You barely miss the orc warrior.
The orc warrior is severely wounded.
You block the orc warrior's attack. x2
You barely miss the orc warrior.
The orc warrior is severely wounded.
You block the orc warrior's attack.
You barely miss the orc warrior.
The orc warrior is severely wounded.
The orc warrior closely misses you.
You closely miss the orc warrior.
The orc warrior is severely wounded.
You block the orc warrior's attack.
The orc warrior hits you but does no damage.
You hit the orc warrior.
The orc warrior is severely wounded.
You block the orc warrior's attack.
You closely miss the orc warrior.
The orc warrior is severely wounded.
The orc warrior hits you with a +2 halberd of protection.
You barely miss the orc warrior.
The orc warrior is severely wounded.
The orc warrior completely misses you.
The orc warrior hits you with a +2 halberd of protection!
You barely miss the orc warrior.
The orc warrior is severely wounded.
The orc warrior hits you with a +2 halberd of protection!
The orc warrior barely misses you.
You hit the orc warrior.
The orc warrior is almost dead.
The orc warrior hits you with a +2 halberd of protection!!
* * * LOW HITPOINT WARNING * * *
You hit the orc warrior.
You feel better.
The orc warrior is almost dead.
You block the orc warrior's attack.
You hit the orc warrior but do no damage.
The orc warrior is almost dead.
You block the orc warrior's attack.
The orc warrior hits you with a +2 halberd of protection!!
You die...

o..
##..##o####o...#.#.#...#.
.?
##.##...........#.......
# ##
########.##..##########
##8## #...#.รท.#
8...8#####.###..##
.....##....# #..###
.....>#.#### #..[.#
.....##.#######..##
8...8##.#.@o..)..# ##8##
#.....###[#### #
###..<..# #....#
#.#.....# #.##.#
#.##..### #o.#.# #.....#
#..#.# ####..#####..#.#
#.........#..#.#
#.......#.#..#.#


You could see an orc warrior.

Vanquished Creatures
  Grinder (D:4)
  A necrophage (D:4)
  A jelly (D:3)
  A hound (D:4)
  An orc wizard (D:3)
  5 adders
  An adder skeleton (D:3)
  A worm (D:3)
  2 dart slugs
  3 orcs
  6 endoplasms
  5 goblins
  4 hobgoblins
  8 jackals
  3 quokkas
  10 ball pythons
  7 bats
  3 frilled lizards
  5 kobolds
  4 rats
72 creatures vanquished.

Notes
Turn   | Place    | Note
-------+----------+-------------------------------------------
     0 | D:1      | issech the Troll Fighter began the quest for the Orb.
     0 | D:1      | Reached XP level 1. HP: 22/22 MP: 0/0
   140 | D:1      | Reached XP level 2. HP: 29/29 MP: 1/1
   192 | D:1      | Found a faded altar of an unknown god.
   192 | D:1      | Noticed an eye of devastation
   196 | D:1      | Noticed a floating eye
   212 | D:1      | Noticed a floating eye
   226 | D:1      | Noticed a shining eye
   270 | D:1      | Reached skill level 2 in Maces & Flails
   450 | D:1      | Reached XP level 3. HP: 31/36 MP: 2/2
   689 | D:2      | You fall into a shaft and drop 1 floor!
   983 | D:3      | Reached XP level 4. HP: 37/44 MP: 3/3
  1001 | D:3      | Reached skill level 3 in Maces & Flails
  1742 | D:2      | Reached XP level 5. HP: 53/53 MP: 4/4
  2386 | D:4      | Gained mutation: You are somewhat resistant to further
                  | mutation. [potion of mutation]
  2386 | D:4      | Gained mutation: You are agile. (Dex +2) [potion of
                  | mutation]
  2482 | D:4      | Noticed a necrophage
  2491 | D:4      | Killed a necrophage
  2492 | D:4      | Reached XP level 6. HP: 61/61 MP: 5/5
  2539 | D:4      | Found Lytzenn's Assorted Antiques.
  2565 | D:4      | Bought a shiny moonstone ring for 130 gold pieces
  2597 | D:4      | Noticed Grinder
  2608 | D:4      | Paralysed by Grinder for 5 turns
  2616 | D:4      | Paralysed by Grinder for 6 turns
  2635 | D:4      | Paralysed by Grinder for 6 turns
  2643 | D:4      | Killed Grinder
  2644 | D:4      | Reached skill level 4 in Maces & Flails
  2747 | D:4      | Noticed an orc warrior
  3006 | D:4      | Mangled by an orc warrior

Illustrated notes

Levels and vault maps discovered:
D:1:      lemuel_arrival_lava_pool, layout_rooms,
          hellmonk_ecumenical_altar_watching_god
D:2:      layout_loops_corners, grunt_decor_arrowhead
D:3:      layout_loops_ring, minmay_cut_off
D:4:      layout_basic, nicolae_overflow_hidden_temple, serial_shops,
          nicolae_shop_advertising_works [nicolae_subvault_shop_adworks],
          wad_orctagon, uniq_grinder

Skill      XL: |  1  2  3  4  5  6 |
---------------+-------------------+-----
Maces & Flails | 2 3 4 |  4.2
Fighting       | 3 |  3.4
Shields        | 3 |  3.8
Dodging        | 3 |  3.6
Stealth        | |  0.3

Action                   |  1- 3 |  4- 6 || total
-------------------------+-------+-------++-------
Melee: Flail             |   107 |   164 ||   271
Throw: Stone             |     5 |       ||     5
  Use: Scroll            |     3 |     5 ||     8
       Potion            |       |     2 ||     2
Armor: Robe              |    55 |    61 ||   116
Dodge: Dodged            |    42 |    63 ||   105
Block: Kite shield       |    40 |    79 ||   119

Table legend: (Time is in decaauts)
 A = Elapsed time spent in this place.
 B = Non-inter-level travel time spent in this place.
 C = Inter-level travel time spent in this place.
 D = Time resting spent in this place.
 E = Time spent auto-exploring this place.
 F = Levels seen in this place.
 G = Mean time per level.
                   A        B        C        D        E       F      G
               +--------+--------+--------+--------+--------+-----+--------+
         Total |   3116 |   3008 |    108 |    141 |   1488 |   4 |  779.0 |
       Dungeon |   3116 |   3008 |    108 |    141 |   1488 |   4 |  779.0 |
               +--------+--------+--------+--------+--------+-----+--------+

Top non-repeatable levels by time:
     D:2: 1075 daAuts
     D:3: 872 daAuts
     D:1: 601 daAuts
     D:4: 568 daAuts
